 Dungeon Crawl Stone Soup version 0.29.0-4-gdea44cf6ec (webtiles) character file.

Game seed: 13052062666554324224

9 qw the Sneak (level 2, -2/19 HPs)
             Began as a Gargoyle Delver on Sept 10, 2022.
             Slain by a quokka (4 damage)
             ... on level 4 of the Dungeon.
             The game lasted 00:00:02 (87 turns).

qw the Sneak (Gargoyle Delver)                        Turns: 87, Time: 00:00:03

Health: -2/19      AC:  5    Str: 15    XL:     2   Next: 16%
Magic:  2/2        EV: 11    Int: 10    God:
Gold:   14         SH:  0    Dex: 11    Spells: 1/1 levels left

rFire   . . .      SeeInvis .   a - +0 hand axe
rCold   . . .      Faith    .   (no shield)
rNeg    + . .      Spirit   .   b - +0 leather armour
rPois   inf        Reflect  .   (no helmet)
rElec   +          Harm     .   (no cloak)
rCorr   .          Rampage  .   (no gloves)
Will    .....                   (no boots)
Stlth   ++........              (no amulet)
HPRegen 0.06/turn               (no ring)
MPRegen 0.08/turn               (no ring)

@: very slow
A: sickness immunity, AC +2, negative energy resistance 1, electricity
resistance, torment resistance 1, petrification resistance
a: no special abilities


You were on level 4 of the Dungeon.
You visited 1 branch of the dungeon, and saw 2 of its levels.

You collected 14 gold pieces.


Innate Abilities, Weirdness & Mutations

You are immune to sickness and miasma.
Your stone body is resilient. (AC +2)
You are immune to poison.
You resist negative energy. (rN+)
You are resistant to electric shocks. (rElec)
You are resistant to unholy torment.
You are immune to petrification.


   Skills:
 - Level 3.2 Fighting
 + Level 2.5 Axes
 - Level 1.5 Dodging
 - Level 5.4 Stealth


You had one spell level left.
You didn't know any spells.
Your spell library was empty.

Inventory:

Hand Weapons
 a - a +0 hand axe (weapon)
Armour
 b - a +0 leather armour (worn)
Wands
 g - a wand of digging (3)
Potions
 f - a potion of haste

Dungeon Overview and Level Annotations

Branches:
Dungeon (5/15)
 Temple: D:4-7

Altars:


Message History

The ball python barely misses you. The ball python constricts you.
The adder bites you but does no damage.
Your unstable footing causes you to fumble your attack.
The ball python bites you but does no damage.
The ball python constricts you.
The hound bites the plant.
The adder bites you but does no damage. The ball python closely misses you.
The ball python constricts you.
The hound bites the plant.
Your unstable footing causes you to fumble your attack.
A nearby plant withers and dies.
The adder bites you but does no damage. The ball python closely misses you.
The ball python constricts you. The adder bites you but does no damage.
You hit the ball python.
You kill the ball python!
You barely miss the adder.
The adder bites you but does no damage. x2
You miss the adder.
The adder is severely wounded.
The adder misses you.
Your unstable footing causes you to fumble your attack.
The adder barely misses you. The adder bites you but does no damage.
You hit the adder.
You kill the adder!
Your Axes skill increases to level 2!
You have reached level 2!
The hound pauses to sniff the water.
A quokka comes into view.
The hound stops to sniff the water.
The quokka bites the plant.
The plant begins to die.
The quokka bites the plant. x2
The quokka bites the plant.
The quokka bites the plant.
A nearby plant withers and dies.
A quokka is nearby!
You hit the quokka but do no damage. The quokka closely misses you.
The hound pauses to sniff the water.
You barely miss the quokka. The quokka bites you.
You hit the quokka but do no damage. The quokka bites you.
You die...

~~~~~~~~~~~P~.
~~~~~~~~~h~~7~ .#
####77P~~~~~~~~~~~ #
.#
#...77~~~~~~~~~~~7~#
.# #..#77~~~~~~~~~~P~7
.# #...~7~~~~~~~~~~~7
.# #.###7~P~~~~~~r~P7
.# #.# #P~~P~~~~@~P~7
.###.###P~~~~~~~7~~77#
.>.....#77P~~~~~P~~~~#
.#####...7~~~~~P~~~~7#
.# ###.~~~~P~7P~~~# .#
##77~7~P~PP77# .#
#77~~~777 ##


77PP7 77~# You could see a hound and a quokka.

Vanquished Creatures
  An adder (D:4)
  A ball python (D:4)
2 creatures vanquished.

Vanquished Creatures (others)
  5 plants (D:4)
5 creatures vanquished.

Grand Total: 7 creatures vanquished

Notes
Turn   | Place    | Note
-------+----------+-------------------------------------------
     0 | D:5      | qw the Gargoyle Delver began the quest for the Orb.
     0 | D:5      | Reached XP level 1. HP: 14/14 MP: 1/1
     0 | D:5      | 0 ||| qw: Version: 0.1-a-116-g5d60599
     0 | D:5      | 0 ||| qw: Game counter: 9212
     0 | D:5      | 0 ||| qw: Always use a shield: true
     0 | D:5      | 0 ||| qw: God list: Okawaru
     0 | D:5      | 0 ||| qw: Allow faded altars: false
     0 | D:5      | 0 ||| qw: Do Orc after D:15 true
     0 | D:5      | 0 ||| qw: Do second Lair branch before Depths: true
     0 | D:5      | 0 ||| qw: Lair rune preference: random
     0 | D:5      | 0 ||| qw: Plans: Normal
     0 | D:5      | 0 ||| PLANNING D:1-11
     0 | D:5      | 0 ||| DROPPING scroll of fog.
     1 | D:5      | 1 ||| DROPPING scroll of magic mapping.
     2 | D:5      | 2 ||| DROPPING scroll of fear.
    36 | D:4      | Noticed a hound
    38 | D:4      | HP: 3/14 [constriction (1)]
    41 | D:4      | HP: 1/14 [constriction (1)]
    47 | D:4      | Reached XP level 2. HP: 3/19 MP: 2/2
    86 | D:4      | HP: 2/19 [quokka (3)]
    87 | D:4      | Slain by a quokka

Levels and vault maps discovered:
D:4:      layout_loops_ring, mainiacjoe_overflow_boulevard,
          kennysheep_little_box, serial_bayou_lake_a, uniq_duvessa, uniq_robin
D:5:      layout_basic, minmay_crystal_room

Skill      XL: |  1 |
---------------+----+-----
Axes           | 2 |  2.5
Fighting       | |  3.2
Dodging        | |  1.5
Stealth        | |  5.4

Action                   || total
-------------------------++-------
Melee: Hand axe          ||    15
Armor: Leather armour    ||    15
Dodge: Dodged            ||    10

Table legend:
 A = Non-vault XP
 B = Vault XP
 C = Vault XP percentage of total XP
 D = Non-vault monster count
 E = Vault monster count
 F = Vault count percentage of total count
                 A         B        C        D         E       F
            +---------+---------+-------+---------+---------+-------
      Total |      14 |       0 |   0.0 |       2 |       0 |   0.0
            +---------+---------+-------+---------+---------+-------
        D:4 |      14 |       0 |   0.0 |       2 |       0 |   0.0
            +---------+---------+-------+---------+---------+-------
